[ PARTIDA AOE2 · #513597157 ]
UnrankedFrancos vs Britons
Equipo del jugador · DERR
Equipo rival · VICT
[ ANÁLISIS DE REPETICIÓN · EXTRAÍDO DE LA PARTIDA GRABADA ]
Feudal
13:39
Castillos
18:25
Imperial
34:29
| APM promedio | 48.3 |
| APM pico | 91 |
| eAPM promedio | 32.5 |
| Aldeanos / militares | 166 / 172 |
Foco
⚔️ 36.9% · 🌾 63.1%
Throwing Axeman ×83 · Knight ×64 · Fishing Ship ×21 · Battering Ram ×8 · Trebuchet (Packed) ×6 · Monk ×3
Feudal
12:50
Castillos
21:29
Imperial
35:07
| APM promedio | 58.8 |
| APM pico | 109 |
| eAPM promedio | 31.2 |
| Aldeanos / militares | 179 / 175 |
Foco
⚔️ 44.6% · 🌾 55.4%
Archer ×73 · Spearman ×67 · Fishing Ship ×18 · Trebuchet (Packed) ×12 · Hulk ×10 · Cannon Galleon ×4
Mapa de la partida
Recursos iniciales + cada clic de construcción. Líneas = muros · curvas = relieve. ◆ oro · ⬟ piedra · ● bayas · ✦ reliquia · ◌ hueco del cierre
Tu base· Abierta — flanco sin cerrar
Base de HR AboKeiTo· Abierta — hueco de 6t
Terreno inicial suavizado · ◌ = hueco del cierre detectado · pasá el cursor para detalles
Inputs por minuto
— DzeDanik - - HR AboKeiTo
Build order — DzeDanik
Primeras 150 de 472 acciones detectadas
| 0:15 | Construir | Town Center |
| 0:19 | Construir | House |
| 0:59 | Construir | Dock |
| 2:18 | Encolar | Villager (Male) |
| 2:19 | Encolar | Villager (Male) |
| 2:19 | Encolar | Villager (Male) |
| 2:19 | Encolar | Villager (Male) |
| 3:19 | Encolar | Fishing Ship |
| 3:35 | Encolar | Villager (Male) |
| 4:02 | Construir | House |
| 4:22 | Encolar | Villager (Male) |
| 4:22 | Encolar | Villager (Male) |
| 4:22 | Encolar | Villager (Male) |
| 4:49 | Encolar | Villager (Male) |
| 4:49 | Encolar | Villager (Male) |
| 4:51 | Encolar | Fishing Ship |
| 4:52 | Encolar | Fishing Ship |
| 5:14 | Encolar | Villager (Male) |
| 5:14 | Encolar | Villager (Male) |
| 5:14 | Encolar | Villager (Male) |
| 5:20 | Construir | House |
| 5:36 | Encolar | Fishing Ship |
| 5:43 | Encolar | Villager (Male) |
| 5:43 | Encolar | Villager (Male) |
| 6:06 | Encolar | Villager (Male) |
| 6:06 | Encolar | Villager (Male) |
| 6:14 | Encolar | Fishing Ship |
| 6:14 | Encolar | Fishing Ship |
| 6:30 | Encolar | Villager (Male) |
| 6:30 | Encolar | Villager (Male) |
| 6:36 | Construir | House |
| 6:52 | Encolar | Villager (Male) |
| 6:52 | Encolar | Fishing Ship |
| 7:10 | Encolar | Villager (Male) |
| 7:26 | Encolar | Fishing Ship |
| 7:31 | Encolar | Villager (Male) |
| 7:51 | Encolar | Villager (Male) |
| 7:53 | Encolar | Fishing Ship |
| 7:58 | Construir | House |
| 8:19 | Encolar | Fishing Ship |
| 8:32 | Encolar | Villager (Male) |
| 8:39 | Encolar | Fishing Ship |
| 8:44 | Construir | Palisade Wall |
| 8:45 | Construir | Palisade Wall |
| 8:47 | Construir | Palisade Wall |
| 8:48 | Construir | Palisade Wall |
| 9:02 | Construir | Palisade Wall |
| 9:03 | Encolar | Villager (Male) |
| 9:05 | Encolar | Villager (Male) |
| 9:08 | Construir | Lumber Camp |
| 9:09 | Encolar | Fishing Ship |
| 9:40 | Investigar | Loom |
| 9:42 | Construir | House |
| 10:13 | Encolar | Fishing Ship |
| 10:15 | Construir | Dock |
| 10:19 | Encolar | Villager (Male) |
| 10:40 | Encolar | Villager (Male) |
| 10:53 | Construir | Mill |
| 10:58 | Encolar | Fishing Ship |
| 10:58 | Encolar | Fishing Ship |
| 11:03 | Encolar | Fishing Ship |
| 11:04 | Encolar | Villager (Male) |
| 11:10 | Construir | Mill |
| 11:21 | Construir | House |
| 11:24 | Construir | House |
| 11:26 | Construir | House |
| 11:29 | Investigar | Feudal Age |
| 11:44 | Encolar | Fishing Ship |
| 13:09 | Encolar | Villager (Male) |
| 13:20 | Construir | Farm |
| 13:21 | Construir | Farm |
| 13:25 | Construir | Farm |
| 13:27 | Construir | Farm |
| 13:39 | Edad | Edad Feudal |
| 13:41 | Encolar | Villager (Male) |
| 13:46 | Construir | Market |
| 13:48 | Construir | Blacksmith |
| 14:03 | Encolar | Villager (Male) |
| 14:38 | Construir | Dock |
| 14:51 | Encolar | Villager (Male) |
| 15:20 | Encolar | Villager (Male) |
| 15:40 | Investigar | Castle Age |
| 15:52 | Investigar | Double-Bit Axe |
| 16:21 | Construir | Barracks |
| 16:42 | Encolar | Villager (Male) |
| 16:45 | Investigar | Scale Barding Armor |
| 16:53 | Construir | Dock |
| 17:20 | Construir | Stable |
| 17:32 | Encolar | Fishing Ship |
| 17:49 | Investigar | Forging |
| 18:05 | Construir | House |
| 18:25 | Edad | Edad de los Castillos |
| 18:26 | Encolar | Knight |
| 18:26 | Encolar | Knight |
| 18:28 | Construir | Town Center |
| 18:34 | Investigar | Chain Barding Armor |
| 19:00 | Construir | Palisade Wall |
| 19:01 | Construir | Palisade Wall |
| 19:10 | Encolar | Villager (Male) |
| 19:10 | Encolar | Villager (Male) |
| 19:10 | Encolar | Villager (Male) |
| 19:11 | Encolar | Villager (Male) |
| 19:11 | Encolar | Villager (Male) |
| 19:18 | Encolar | Fishing Ship |
| 19:19 | Encolar | Villager (Male) |
| 19:20 | Encolar | Knight |
| 19:40 | Encolar | Transport Ship |
| 19:42 | Encolar | Villager (Male) ×5 |
| 19:57 | Encolar | Knight |
| 20:05 | Construir | House |
| 20:06 | Construir | House |
| 20:20 | Encolar | Villager (Male) |
| 20:28 | Construir | Siege Workshop |
| 20:29 | Encolar | Knight |
| 20:34 | Encolar | Knight |
| 20:40 | Encolar | Villager (Male) |
| 20:43 | Encolar | Villager (Male) |
| 20:52 | Encolar | Villager (Male) |
| 21:00 | Encolar | Battering Ram |
| 21:00 | Encolar | Battering Ram |
| 21:00 | Encolar | Battering Ram |
| 21:07 | Encolar | Villager (Male) |
| 21:14 | Encolar | Fishing Ship |
| 21:14 | Encolar | Fishing Ship |
| 21:17 | Encolar | Villager (Male) |
| 21:20 | Encolar | Villager (Male) ×5 |
| 21:27 | Encolar | Villager (Male) |
| 21:36 | Encolar | Knight |
| 21:39 | Encolar | Villager (Male) |
| 21:50 | Construir | Town Center |
| 21:52 | Encolar | Villager (Male) |
| 21:59 | Encolar | Knight |
| 22:03 | Encolar | Villager (Male) |
| 22:07 | Encolar | Villager (Male) |
| 22:14 | Encolar | Villager (Male) |
| 22:31 | Encolar | Villager (Male) |
| 22:39 | Encolar | Mangonel |
| 22:40 | Encolar | Mangonel |
| 22:40 | Encolar | Mangonel |
| 22:44 | Encolar | Villager (Male) |
| 22:54 | Construir | Farm |
| 22:54 | Construir | Farm |
| 22:54 | Construir | Farm |
| 22:55 | Construir | Farm |
| 22:55 | Construir | Farm |
| 23:14 | Encolar | Villager (Male) |
| 23:20 | Encolar | Villager (Male) |
| 23:45 | Encolar | Villager (Male) |
| 23:48 | Encolar | Villager (Male) |
| 24:00 | Encolar | Villager (Male) |
Build order — HR AboKeiTo
Primeras 150 de 486 acciones detectadas
| 0:04 | Construir | Town Center |
| 0:41 | Construir | Dock |
| 0:45 | Construir | House |
| 2:14 | Encolar | Villager (Male) ×4 |
| 3:13 | Construir | House |
| 3:26 | Construir | House |
| 3:37 | Encolar | Fishing Ship |
| 3:45 | Encolar | Villager (Male) |
| 3:45 | Encolar | Villager (Male) |
| 4:04 | Construir | House |
| 4:13 | Encolar | Villager (Male) |
| 4:13 | Encolar | Villager (Male) |
| 4:39 | Encolar | Villager (Male) |
| 4:55 | Encolar | Villager (Male) |
| 4:56 | Encolar | Villager (Male) |
| 5:27 | Encolar | Villager (Male) |
| 5:27 | Encolar | Villager (Male) |
| 5:28 | Encolar | Villager (Male) |
| 5:30 | Construir | House |
| 5:39 | Encolar | Fishing Ship |
| 5:49 | Encolar | Villager (Male) |
| 5:49 | Encolar | Villager (Male) |
| 6:25 | Encolar | Villager (Male) |
| 6:36 | Encolar | Fishing Ship |
| 6:39 | Construir | House |
| 6:54 | Encolar | Villager (Male) |
| 6:54 | Encolar | Villager (Male) |
| 7:02 | Encolar | Villager (Male) |
| 7:14 | Encolar | Fishing Ship |
| 7:36 | Encolar | Villager (Male) |
| 7:36 | Encolar | Villager (Male) |
| 7:37 | Encolar | Villager (Male) |
| 7:40 | Encolar | Fishing Ship |
| 8:00 | Construir | House |
| 8:05 | Construir | House |
| 8:16 | Construir | House |
| 8:24 | Encolar | Villager (Male) |
| 8:36 | Encolar | Villager (Male) |
| 8:38 | Construir | House |
| 8:42 | Encolar | Villager (Male) |
| 8:42 | Encolar | Villager (Male) |
| 8:49 | Construir | House |
| 8:53 | Encolar | Fishing Ship |
| 9:15 | Encolar | Villager (Male) |
| 9:48 | Construir | Mining Camp |
| 9:53 | Construir | House |
| 9:57 | Construir | Lumber Camp |
| 10:04 | Investigar | Loom |
| 10:40 | Investigar | Feudal Age |
| 11:13 | Construir | Dock |
| 12:06 | Construir | Barracks |
| 12:07 | Construir | House |
| 12:15 | Construir | Palisade Wall |
| 12:16 | Construir | Palisade Wall |
| 12:27 | Encolar | Fishing Ship |
| 12:50 | Edad | Edad Feudal |
| 12:52 | Encolar | Hulk |
| 12:52 | Encolar | Hulk |
| 12:53 | Encolar | Villager (Male) |
| 12:56 | Investigar | Double-Bit Axe |
| 13:15 | Encolar | Villager (Male) |
| 13:31 | Construir | Archery Range |
| 13:32 | Encolar | Villager (Male) |
| 13:34 | Encolar | Villager (Male) |
| 13:37 | Encolar | Hulk |
| 13:38 | Encolar | Hulk |
| 13:46 | Encolar | Hulk |
| 14:12 | Encolar | Villager (Male) |
| 14:14 | Construir | House |
| 14:17 | Encolar | Spearman |
| 14:20 | Construir | Palisade Wall |
| 14:22 | Encolar | Archer |
| 14:23 | Encolar | Villager (Male) |
| 14:35 | Encolar | Villager (Male) |
| 14:39 | Encolar | Villager (Male) |
| 14:50 | Encolar | Galley |
| 14:51 | Encolar | Galley |
| 14:51 | Encolar | Galley |
| 14:55 | Construir | House |
| 14:57 | Construir | House |
| 15:08 | Encolar | Archer |
| 15:12 | Construir | House |
| 15:13 | Construir | Palisade Wall |
| 15:24 | Construir | House |
| 15:40 | Encolar | Villager (Male) |
| 15:41 | Encolar | Archer |
| 15:46 | Construir | House |
| 16:01 | Encolar | Archer |
| 16:04 | Construir | House |
| 16:13 | Encolar | Villager (Male) |
| 16:17 | Encolar | Archer |
| 16:17 | Encolar | Villager (Male) |
| 16:22 | Construir | Mill |
| 16:50 | Encolar | Archer |
| 16:55 | Construir | Stone Wall |
| 17:03 | Encolar | Villager (Male) |
| 17:19 | Encolar | Hulk |
| 17:20 | Encolar | Hulk |
| 17:30 | Encolar | Villager (Male) |
| 17:35 | Construir | Stone Wall |
| 17:36 | Construir | Stone Wall |
| 17:39 | Construir | Blacksmith |
| 17:42 | Encolar | Villager (Male) |
| 17:48 | Construir | Dock |
| 17:59 | Encolar | Hulk |
| 18:08 | Encolar | Archer |
| 18:49 | Investigar | Castle Age |
| 18:50 | Encolar | Archer |
| 18:52 | Encolar | Villager (Male) |
| 19:03 | Construir | Palisade Wall |
| 19:31 | Encolar | Hulk |
| 19:39 | Investigar | Gold Mining |
| 19:41 | Encolar | Villager (Male) |
| 19:45 | Encolar | Hulk |
| 20:02 | Encolar | Villager (Male) |
| 20:07 | Encolar | Archer |
| 20:07 | Encolar | Archer |
| 20:07 | Encolar | Archer |
| 20:21 | Encolar | Villager (Male) |
| 20:43 | Encolar | Archer |
| 20:47 | Construir | Mining Camp |
| 20:50 | Encolar | Archer |
| 20:56 | Encolar | Fishing Ship |
| 20:59 | Investigar | Fishing Lines |
| 21:20 | Encolar | Archer |
| 21:22 | Encolar | Villager (Male) |
| 21:29 | Edad | Edad de los Castillos |
| 21:31 | Construir | Town Center |
| 21:35 | Investigar | Bow Saw |
| 21:43 | Encolar | Villager (Male) |
| 21:47 | Construir | Lumber Camp |
| 22:01 | Construir | Market |
| 22:02 | Encolar | Villager (Male) |
| 22:11 | Construir | Siege Workshop |
| 22:17 | Investigar | Wheelbarrow |
| 22:19 | Investigar | Crossbowman (upgrade) |
| 22:19 | Investigar | Crossbowman (upgrade) |
| 22:24 | Investigar | Fletching |
| 22:25 | Encolar | Villager (Male) |
| 22:25 | Encolar | Villager (Male) |
| 22:33 | Encolar | Villager (Male) |
| 22:38 | Encolar | Villager (Male) |
| 22:39 | Encolar | Villager (Male) |
| 22:43 | Construir | Stone Wall |
| 22:49 | Encolar | Mangonel |
| 23:05 | Encolar | Archer |
| 23:05 | Investigar | Bodkin Arrow |
| 23:09 | Encolar | Villager (Male) |
| 23:09 | Encolar | Villager (Male) |
| 23:23 | Encolar | Archer |
Cronología de la partida
| 0:41 | HR AboKeiTo · first_building Dock |
| 0:59 | DzeDanik · first_building Dock |
| 8:44 | DzeDanik · wall_segment Palisade Wall x1 |
| 8:45 | DzeDanik · wall_segment Palisade Wall x1 |
| 8:47 | DzeDanik · wall_segment Palisade Wall x1 |
| 8:48 | DzeDanik · wall_segment Palisade Wall x1 |
| 9:02 | DzeDanik · wall_segment Palisade Wall x1 |
| 12:06 | HR AboKeiTo · first_building Barracks |
| 12:15 | HR AboKeiTo · wall_segment Palisade Wall x1 |
| 12:16 | HR AboKeiTo · wall_segment Palisade Wall x1 |
| 12:50 | HR AboKeiTo · age_up feudal |
| 13:31 | HR AboKeiTo · first_building Archery Range |
| 13:39 | DzeDanik · age_up feudal |
| 14:20 | HR AboKeiTo · wall_segment Palisade Wall x5 |
| 15:13 | HR AboKeiTo · wall_segment Palisade Wall x1 |
| 16:21 | DzeDanik · first_building Barracks |
| 16:48 | DzeDanik · first_market_buy 100 wood |
| 16:55 | HR AboKeiTo · wall_segment Stone Wall x14 |
| 17:20 | DzeDanik · first_building Stable |
| 17:35 | HR AboKeiTo · wall_segment Stone Wall x1 |
| 17:36 | HR AboKeiTo · wall_segment Stone Wall x3 |
| 18:07 | DzeDanik · first_market_sell 100 food |
| 18:25 | DzeDanik · age_up castle |
| 19:00 | DzeDanik · wall_segment Palisade Wall x1 |
| 19:01 | DzeDanik · wall_segment Palisade Wall x1 |
| 19:03 | HR AboKeiTo · wall_segment Palisade Wall x1 |
| 20:28 | DzeDanik · first_building Siege Workshop |
| 21:29 | HR AboKeiTo · age_up castle |
| 22:11 | HR AboKeiTo · first_building Siege Workshop |
| 22:43 | HR AboKeiTo · wall_segment Stone Wall x1 |
| 26:40 | HR AboKeiTo · first_building Monastery |
| 28:47 | HR AboKeiTo · first_market_buy 100 stone |
| 29:30 | HR AboKeiTo · wall_segment Stone Wall x1 |
| 30:39 | DzeDanik · first_building Monastery |
| 31:01 | HR AboKeiTo · first_market_sell 500 wood |
| 31:04 | DzeDanik · first_building Castle |
| 31:17 | HR AboKeiTo · wall_segment Stone Wall x1 |
| 34:12 | HR AboKeiTo · first_building Castle |
| 34:29 | DzeDanik · age_up imperial |
| 35:07 | HR AboKeiTo · age_up imperial |
| 35:53 | HR AboKeiTo · wall_segment Stone Wall x1 |
| 44:25 | DzeDanik · wall_segment Stone Wall x9 |
| 47:03 | HR AboKeiTo · wall_segment Stone Wall x8 |
| 47:25 | DzeDanik · resign |
[ ANÁLISIS IA · 1 CRÉDITO ]
¿Qué pasó realmente en esta partida?
Wolo.gg analiza cada decisión: build order, eco, micro, errores típicos por bracket. Análisis personalizado por WhatsApp o Discord en 30 segundos.
Guía civ
Francos
Perfil
Jugador #3867568